 Dungeon Crawl Stone Soup version 0.23.2-1-ga50397a (webtiles) character file.

Game seed: 726836962419841818

49 Fang the Skirmisher (level 3, 0/36 HPs)
             Began as a Gargoyle Berserker on May 14, 2019.
             Was a Believer of Trog.
             Slain by Jessica
             ... wielding a +0 dagger
              (2 damage)
             ... on level 2 of the Dungeon.
             The game lasted 00:01:07 (1146 turns).

Fang the Skirmisher (Gargoyle Berserker)            Turns: 1146, Time: 00:01:08

Health: 0/36       AC:  0    Str: 26    XL:     3   Next: 77%
Magic:  3/3        EV: 19    Int:  7    God:    Trog [**....]
Gold:   66         SH:  0    Dex: 14    Spells: 2/2 levels left

rFire    . . .     SeeInvis .   (weapon currently unavailable)
rCold    . . .     Gourm    .   (shield currently unavailable)
rNeg     + . .     Faith    .   (armour currently unavailable)
rPois    ∞         Spirit   .   (helmet currently unavailable)
rElec    .         Reflect  .   (cloak currently unavailable)
rCorr    .         Harm     .   (gloves currently unavailable)
MR       .....                  (boots currently unavailable)
Stlth    ..........             (no amulet)
HPRegen  0.12/turn              (ring currently unavailable)
MPRegen  0.08/turn              (ring currently unavailable)

@: berserking, bat-form, flying, slowed, very quick
A: tiny, negative energy resistance 1, petrification resistance, rot immunity,
AC +3
a: Berserk, Trog's Hand, Renounce Religion


You were on level 2 of the Dungeon.
You worshipped Trog.
Trog was pleased with you.
You were very hungry.
You were in bat-form.
You visited 1 branch of the dungeon, and saw 2 of its levels.

You collected 66 gold pieces.

Inventory:

Hand Weapons
 a - a +0 hand axe (melded)
Armour
 b - a +0 animal skin (melded)
Scrolls
 d - a scroll of fear {unknown}
 e - a scroll of magic mapping {unknown}
 f - 2 scrolls of teleportation {unknown}
 i - a scroll of identify {unknown}
Potions
 g - a potion of heal wounds {unknown}
Comestibles
 c - 2 rations
 h - 3 chunks of flesh


   Skills:
 + Level 3.8 Fighting
 + Level 3.1 Axes
 + Level 2.9 Armour
 + Level 2.1 Dodging


You had 2 spell levels left.
You didn't know any spells.
Your spell library was empty.

Dungeon Overview and Level Annotations

Branches:
Dungeon (2/15)

Altars:

Annotations:
D:2 Jessica


Innate Abilities, Weirdness & Mutations

You are resistant to torment.
((Your stone body is resilient. (AC +3)))
You are immune to poison.
You resist negative energy. (rN+)
((You are resistant to electric shocks. (rElec)))
((You can survive without breathing.))
You are immune to petrification.
You are immune to rotting.


Message History

You are too injured to fight recklessly!
You are too injured to fight recklessly!
You are too injured to fight recklessly!
You are too injured to fight recklessly!
You are too injured to fight recklessly!
Jessica hits you with a +0 dagger.
* * * LOW HITPOINT WARNING * * *
You hit Jessica.
Jessica is heavily wounded.
Jessica casts a spell at you. Pain shoots through your body!
* * * LOW HITPOINT WARNING * * *
A red film seems to cover your vision as you go berserk!
You feel yourself moving faster!
You feel mighty!
You are feeling very hungry.
Jessica completely misses you.
You hit Jessica but do no damage.
Jessica is heavily wounded.
Jessica hits you with a +0 dagger.
You die...

.... ### # #.#. #....
#.#. #.#.# #(.. #
#.#.# ##.. #.###<#.##
# #.÷ .......## ..
#.. #@.....##... ###
#b.........
#...)..##. ###...##
#.#####(#####
#.......#...#
#######(#...#########
#.(............
#........######
#........#


You could see Jessica.

Vanquished Creatures
  An adder (D:2)
  A dart slug (D:1)
  A leopard gecko (D:1)
  A ball python (D:1)
  3 giant cockroaches (D:1)
  6 goblins
  3 hobgoblins (D:1)
  4 jackals (D:1)
  4 kobolds
  4 bats (D:1)
  5 rats (D:1)
33 creatures vanquished.

Notes
Turn   | Place    | Note
-------+----------+-------------------------------------------
     0 | D:1      | Fang the Gargoyle Berserker began the quest for the Orb.
     0 | D:1      | Reached XP level 1. HP: 14/14 MP: 1/1
    63 | D:1      | Reached XP level 2. HP: 18/19 MP: 2/2
   526 | D:1      | Reached XP level 3. HP: 17/23 MP: 3/3
   698 | D:1      | Reached ** piety under Trog
  1128 | D:2      | Noticed Jessica
  1144 | D:2      | HP: 1/24 [Jessica/nerve-wracking pain (6)]
  1146 | D:2      | Slain by Jessica

Skill      XL: |  1  2  3 |
---------------+----------+-----
Axes           | 3 |  3.1
Dodging        | 2 |  2.1
Fighting       | |  3.8
Armour         | |  2.9

Action                   || total
-------------------------++-------
Melee: Hand axe          ||    88
       Unarmed           ||     9
Invok: Berserk           ||     2
  Eat: Chunk             ||     2
Armor: Animal skin       ||    36
Dodge: Dodged            ||    71
